 Dungeon Crawl Stone Soup version 0.29.0-4-gdea44cf6ec (webtiles) character file.

Game seed: 6483845601285734474

16 qw the Chopper (level 2, 0/17 HPs)
             Began as a Tengu Warper on Aug 28, 2022.
             Succumbed to their own poison gas
             ... on level 1 of the Dungeon.
             The game lasted 00:00:04 (778 turns).

qw the Chopper (Tengu Warper)                        Turns: 778, Time: 00:00:04

Health: 0/17       AC:  3    Str: 11    XL:     2   Next: 58%
Magic:  6/6        EV: 26    Int: 13    God:
Gold:   91         SH:  0    Dex: 13    Spells: 5/5 levels left

rFire   . . .      SeeInvis .   Y - +0 hand axe
rCold   . . .      Faith    .   (no shield)
rNeg    . . .      Spirit   .   b - +0 leather armour
rPois   .          Reflect  .   (helmet restricted)
rElec   .          Harm     .   (no cloak)
rCorr   .          Rampage  .   (no gloves)
Will    .....                   (boots unavailable)
Stlth   +.........              k - amulet of the acrobat
HPRegen 0.05/turn               (no ring)
MPRegen 0.10/turn               (no ring)

@: mighty, lethally poisoned (0 -> -5), acrobatic
A: beak, talons 3
a: no special abilities


You were on level 1 of the Dungeon.
You visited 1 branch of the dungeon, and saw 1 of its levels.

You collected 91 gold pieces.


Innate Abilities, Weirdness & Mutations

You have a beak for a mouth.
You have claws for feet.


   Skills:
 - Level 2.0 Fighting
 + Level 3.4 Axes
 - Level 1.0 Throwing
 - Level 1.1 Armour
 - Level 2.1 Dodging
 - Level 2.0 Spellcasting
 - Level 2.4 Translocations


You had 5 spell levels left.
You didn't know any spells.
Your spell library contained the following spells:

 Spells                   Type           Power      Damage    Failure   Level
 Blink                    Tloc           14%        N/A       19%         2
 Gell's Gravitas          Tloc           7%         N/A       36%         3
 Lesser Beckoning         Tloc           7%         N/A       36%         3
 Teleport Other           Tloc           7%         N/A       36%         3
 Manifold Assault         Tloc           7%         N/A       98%         5

Inventory:

Hand Weapons
 l - a +0 mace
 Y - a +0 hand axe (weapon)
Armour
 b - a +0 leather armour (worn)
Jewellery
 k - an amulet of the acrobat (around neck)
Potions
 e - a potion of curing {unknown}
 g - a potion of might

Dungeon Overview and Level Annotations

Branches:
Dungeon (1/15)

Altars:


Message History

You feel momentarily disoriented.
It was a scroll of magic mapping.
Done exploring.
768 ||| READING scroll labelled KYAVAL KUIL.
As you read the scroll labelled KYAVAL KUIL, it crumbles to dust.
You assume a fearsome visage.
Nothing appears to happen.
It was a scroll of fear.
Done exploring.
769 ||| READING scroll labelled JEISIKHEQEY.
The air fills with toxic fumes!
As you read the scroll labelled JEISIKHEQEY, it crumbles to dust.
It was a scroll of poison.
Done exploring.
770 ||| DRINKING 2 inky potions.
It was a potion of might.
You feel very mighty all of a sudden.
Done exploring.
771 ||| DROPPING scroll of blinking.
You drop a scroll of blinking.
Done exploring.
(D) Dungeon
Where to? (* - list waypoints, ? - help)
What level of the Dungeon? (default 1, ? - help) Sorry, I don't know how to get there.
Done exploring.
772 ||| Stepping randomly (stuck).
Really walk into that cloud of poison gas?
You are engulfed in poison gas.
You are lethally poisoned!
You feel very sick.
773 ||| Stepping ~*~*~tactically~*~*~ (cloud).
You feel very sick.
You see here a scroll of blinking.
There is a lethal amount of poison in your body!
You feel very sick.
There is a lethal amount of poison in your body!
You feel sick.
There is a lethal amount of poison in your body!
You feel sick.
There is a lethal amount of poison in your body!
You feel sick.
There is a lethal amount of poison in your body!
You die...

#.....'......#.#.......#...# #.
####<.########0#.......#######.
#..%.### #0##.....## ###...
####%%.## #0##.....# #...##
##...# #0##.....# #.###
##..###0###########.# ##...##0#
###...# #....##¤### ##...###
######....#¤@¤¤# #..###
#...##....#¤0¤¤####.####
#...###...#¤¤¤0#.......# #...#
#..##¤0¤0#.#.....#
#####...#######¤0¤0#.#.....#
............# ######.#######
#..########.# ##.#
#..####...#.# #..####
#.....#.#.#.## ##.....##


There were no monsters in sight!

Vanquished Creatures
  An endoplasm (D:1)
  A goblin (D:1)
  2 hobgoblins (D:1)
  2 quokkas (D:1)
  3 ball pythons (D:1)
  A frilled lizard (D:1)
  6 rats (D:1)
16 creatures vanquished.

Notes
Turn   | Place    | Note
-------+----------+-------------------------------------------
     0 | D:1      | qw the Tengu Warper began the quest for the Orb.
     0 | D:1      | Reached XP level 1. HP: 12/12 MP: 4/4
     0 | D:1      | 0 ||| qw: Version: 0.1-a-89-g26bdef1
     0 | D:1      | 0 ||| qw: Game counter: 2652
     0 | D:1      | 0 ||| qw: Always use a shield: true
     0 | D:1      | 0 ||| qw: God list: Okawaru
     0 | D:1      | 0 ||| qw: Allow faded altars: false
     0 | D:1      | 0 ||| qw: Do Orc after D:15 true
     0 | D:1      | 0 ||| qw: Do second Lair branch before Depths: true
     0 | D:1      | 0 ||| qw: Lair rune preference: random
     0 | D:1      | 0 ||| qw: Plans: Normal
     0 | D:1      | 0 ||| PLANNING D:1-11
   232 | D:1      | Reached skill level 3 in Axes
   232 | D:1      | Reached XP level 2. HP: 10/17 MP: 6/6
   364 | D:1      | Found a faded altar of an unknown god.
   735 | D:1      | 735 ||| DROPPING +0 club.
   760 | D:1      | 760 ||| UPGRADING to amulet of the acrobat.
   765 | D:1      | 765 ||| READING scroll labelled KARGHIE VOKAOMN.
   766 | D:1      | 766 ||| READING scroll labelled VUESTRU UGHUSEPH.
   767 | D:1      | 767 ||| READING scroll labelled ZENKIO TOECHEDD.
   768 | D:1      | 768 ||| READING scroll labelled KYAVAL KUIL.
   769 | D:1      | 769 ||| READING scroll labelled JEISIKHEQEY.
   770 | D:1      | 770 ||| DRINKING 2 inky potions.
   771 | D:1      | 771 ||| DROPPING scroll of blinking.
   772 | D:1      | 772 ||| Stepping randomly (stuck).
   773 | D:1      | 773 ||| Stepping ~*~*~tactically~*~*~ (cloud).
   775 | D:1      | HP: 4/17 [poisoned by you (poison gas)]
   777 | D:1      | HP: 1/17 [poisoned by you (poison gas)]
   778 | D:1      | Succumbed to their own poison gas

Levels and vault maps discovered:
D:1:      dpeg_arrival_ratfight, layout_basic, nicolae_ecumenical_snake_handling

Skill      XL: |  1 |
---------------+----+-----
Axes           | 3 |  3.4
Fighting       | |  2.0
Throwing       | |  1.0
Armour         | |  1.1
Dodging        | |  2.1
Spellcasting   | |  2.0
Translocations | |  2.4

Action                   || total
-------------------------++-------
Melee: Hand axe          ||    33
       Peck              ||     6
       Kick              ||     5
Throw: Boomerang         ||     7
  Use: Scroll            ||     5
       Potion            ||     1
Armor: Leather armour    ||     4
Dodge: Dodged            ||    19

Table legend:
 A = Non-vault XP
 B = Vault XP
 C = Vault XP percentage of total XP
 D = Non-vault monster count
 E = Vault monster count
 F = Vault count percentage of total count
                 A         B        C        D         E       F
            +---------+---------+-------+---------+---------+-------
      Total |      15 |       9 |  37.5 |       9 |       7 |  43.8
            +---------+---------+-------+---------+---------+-------
        D:1 |      15 |       9 |  37.5 |       9 |       7 |  43.8
            +---------+---------+-------+---------+---------+-------
